Map: Deathaura LE

Players

JusticeSimon - Winner!

  • Race: Protoss Protoss
  • League: Master
  • Spawn Location: 5:00

RazerBlader

  • Race: Terran Terran
  • League: Master
  • Spawn Location: 11:00

Event: DreamHack SC2 Masters 2020 Winter

VOD

Have the link to the VOD?

Description

Time

  • Played on: Oct. 17, 2020, 11:31 p.m.
  • Length: 12:54

All games in this series

Show
View Real Time Build Order
Export as new Build Order

JusticeSimon Protoss - Winner!

Build Orders: 1 Gate Expand, Blink Stalkers, Colossus Rush 

Get SALT Encoding   

  12  0:00  Probe  
  13  0:12  Probe  
  14  0:17  Pylon  
  14  0:24  Probe (Chrono Boost)  
  15  0:36  Probe (Chrono Boost)  
  15  0:39  Gateway  
  16  0:45  Probe (Chrono Boost)  
  16  0:46  Assimilator  
  17  0:51  Probe  
  18  1:03  Probe  
  19  1:15  Probe  
  20  1:32  Nexus  
  20  1:35  Cybernetics Core  
  20  1:41  Probe  
  20  1:42  Assimilator  
  21  1:47  Pylon  
  21  1:53  Probe  
  22  2:05  Probe  
  23  2:13  Stalker (Chrono Boost)  
  23  2:16  Warp Gate  
  23  2:18  Probe (Chrono Boost)  
  25  2:26  Twilight Council  
  25  2:28  Probe (Chrono Boost)  
  26  2:33  Probe (Chrono Boost)  
  26  2:35  Stalker  
  29  2:45  Probe (Chrono Boost)  
  29  2:50  Probe (Chrono Boost)  
  31  2:55  Probe (Chrono Boost), Blink (Chrono Boost)  
  33  2:59  Probe (Chrono Boost)  
  33  3:00  Probe (Chrono Boost)  
  34  3:09  Probe  
  34  3:10  Stalker  
  34  3:11  Probe  
  38  3:30  Probe, Robotics Facility, Gateway x2  
  38  3:34  Probe  
  40  3:42  Probe  
  40  3:44  Pylon  
  40  3:46  Probe  
  42  3:49  Pylon  
  42  3:54  Probe  
  43  3:58  Probe  
  43  3:59  Assimilator  
  44  4:04  Assimilator  
  44  4:07  Probe, Stalker  
  47  4:10  Probe  
  48  4:18  Observer  
  48  4:19  Probe  
  48  4:22  Probe  
  51  4:24  Stalker  
  51  4:29  Stalker  
  51  4:30  Stalker  
  51  4:31  Probe  
  58  4:33  Pylon  
  57  4:40  Probe  
  57  4:42  Observer  
  57  4:43  Probe  
  60  4:47  Pylon  
  60  4:48  Pylon  
  60  4:52  Robotics Bay, Forge  
  60  5:02  Probe  
  60  5:03  Probe  
  60  5:05  Observer  
  63  5:13  Nexus  
  63  5:15  Pylon  
  63  5:19  Probe x2  
  65  5:24  Protoss Ground Weapons Level 1  
  65  5:26  Sentry  
  67  5:34  Charge  
  67  5:36  Probe x2, Colossus (Chrono Boost)  
  75  5:48  Probe x2  
  77  5:50  Gateway  
  77  5:51  Gateway  
  77  5:58  Gateway  
  77  5:59  Gateway  
  77  6:03  Gateway  
  77  6:08  Extended Thermal Lance  
  77  6:10  Probe x2  
  79  6:23  Probe (Chrono Boost)  
  79  6:24  Observer  
  79  6:25  Probe (Chrono Boost), Shield Battery  
  82  6:27  Probe (Chrono Boost), Shield Battery  
  82  6:29  Colossus (Chrono Boost)  
  88  6:35  Sentry x2  
  88  6:37  Probe x2 (Chrono Boost)  
  88  6:38  Probe (Chrono Boost)  
  95  6:43  Pylon  
  95  6:48  Probe  
  96  6:59  Zealot x6  
  108  7:01  Sentry x2  
  112  7:10  Pylon x2  
  112  7:12  Pylon  
  112  7:13  Pylon  
  112  7:27  Colossus  
  112  7:29  Zealot  
  119  7:30  Zealot x4  
  119  7:31  Pylon  
  119  7:36  Templar Archives  
  103  7:56  Zealot x4  
  103  7:57  Zealot x4  
  119  8:04  Protoss Ground Weapons Level 2 (Chrono Boost)  
  119  8:14  Nexus  
  119  8:15  Probe x3  
  122  8:20  Shield Battery  
  122  8:21  High Templar x2  
  122  8:22  Zealot x6  
  122  8:26  Warp Prism (Chrono Boost), Archon  
  140  8:42  Psionic Storm  
  140  8:47  Zealot x6  
  152  8:50  Assimilator  
  152  8:52  Assimilator  
  152  8:53  Pylon  
  152  8:59  Disruptor  
  152  9:02  Robotics Facility  
  109  9:34  Zealot  
  109  9:35  Zealot x7  
  95  9:56  Zealot x8  
  83  10:03  Immortal x2  
  76  10:15  Zealot x8  
  76  10:17  Probe x4  
  96  10:21  Dark Shrine  
  96  10:23  Gateway  
  96  10:26  Gateway  
  96  10:29  Probe x3  
  96  10:31  Photon Cannon  
  96  10:33  Colossus x2 (Chrono Boost)  
  96  10:34  Photon Cannon  
  99  10:40  High Templar x2  
  99  10:41  Zealot x5  
  125  10:48  Photon Cannon  
  125  10:50  Shield Battery  
  125  10:57  Pylon  
  125  11:06  Stalker, Sentry  
  125  11:07  Stalker x4  
  137  11:12  Probe x2  
  137  11:13  Stalker x2  
  137  11:18  Warp Prism  
  143  11:19  Observer  
  143  11:23  Zealot  
  143  11:24  Zealot  
  150  11:38  Zealot x8  
  166  11:41  Pylon  
  142  11:55  Stalker x2  
  146  12:05  Stalker x3  
  146  12:08  Zealot x5  
  162  12:14  Archon  
  162  12:29  Nexus  
Show
View Real Time Build Order
Export as new Build Order

RazerBlader Terran 

Build Orders: Reaper Expand 

Get SALT Encoding   

  12  0:00  SCV  
  13  0:12  SCV  
  14  0:17  Supply Depot  
  14  0:25  SCV  
  15  0:38  SCV  
  15  0:39  Barracks  
  16  0:43  Refinery  
  16  0:50  SCV  
  17  1:03  SCV  
  18  1:15  SCV  
  19  1:26  Reaper  
  19  1:27  Orbital Command  
  20  1:44  Command Center  
  20  1:53  SCV  
  21  1:58  Supply Depot  
  21  1:59  Marine  
  22  2:05  SCV  
  23  2:16  Factory  
  23  2:19  SCV  
  24  2:23  Bunker  
  24  2:26  Barracks Reactor  
  24  2:32  SCV, Refinery  
  25  2:44  SCV  
  26  2:57  Orbital Command  
  26  2:58  SCV  
  26  3:00  Hellion  
  26  3:02  Starport  
  26  3:04  Marine  
  30  3:07  Marine  
  31  3:13  SCV  
  32  3:23  Factory Tech Lab  
  32  3:24  SCV  
  32  3:25  SCV, Marine x2  
  35  3:31  Supply Depot  
  35  3:36  SCV  
  35  3:37  SCV  
  37  3:44  Marine  
  37  3:45  Marine  
  37  3:46  Raven  
  41  3:50  SCV x2  
  41  3:52  Barracks  
  41  3:54  Factory Tech Lab  
  43  3:57  Supply Depot  
  43  4:02  SCV x2  
  44  4:03  Marine x2  
  47  4:13  Barracks, Siege Tank  
  47  4:14  SCV  
  47  4:16  SCV  
  52  4:22  Engineering Bay  
  52  4:23  Marine  
  53  4:25  Refinery, Marine  
  53  4:27  SCV  
  53  4:28  SCV  
  56  4:39  SCV  
  56  4:43  SCV, Supply Depot  
  56  4:46  Siege Tank  
  56  4:48  Stimpack, Marine  
  56  4:49  Marine  
  56  4:52  SCV  
  62  4:55  Refinery  
  62  4:59  Supply Depot  
  62  5:05  SCV, Supply Depot, Marauder, Marine  
  62  5:06  Terran Infantry Weapons Level 1, Marine  
  67  5:10  Marine  
  68  5:15  Supply Depot  
  68  5:17  SCV x2  
  70  5:23  Starport Reactor  
  70  5:24  Supply Depot  
  70  5:29  SCV  
  70  5:30  SCV, Marauder  
  70  5:32  Marine x2  
  76  5:36  Factory Reactor  
  76  5:41  SCV, Combat Shield, Marauder  
  76  5:42  SCV  
  80  5:46  Supply Depot  
  80  5:54  SCV  
  80  5:55  Marine x2  
  80  5:56  Marauder  
  85  6:00  Medivac x2  
  85  6:03  SCV, Supply Depot  
  90  6:05  Marauder  
  90  6:10  SCV  
  93  6:13  Widow Mine x2, Marine  
  93  6:14  Marine  
  93  6:17  Marauder  
  101  6:27  Concussive Shells  
  101  6:30  Marauder  
  103  6:33  Command Center  
  103  6:34  Marine  
  103  6:35  Marine  
  103  6:38  Marauder  
  107  6:40  Widow Mine x2  
  107  6:44  Medivac x2  
  115  6:52  Marauder, Marine  
  116  6:58  Marine  
  116  6:59  Marine  
  117  7:08  Supply Depot, Barracks  
  117  7:10  Barracks  
  117  7:17  SCV  
  117  7:21  Marauder, Widow Mine x2  
  117  7:22  Marauder  
  126  7:28  Supply Depot  
  126  7:29  Medivac x2, Marine x2  
  132  7:31  Armory  
  132  7:32  Engineering Bay  
  107  7:44  Widow Mine  
  107  7:48  Widow Mine  
  102  7:57  Marauder x2, Marine  
  103  8:01  Orbital Command  
  103  8:02  Barracks Reactor, Barracks Tech Lab  
  101  8:14  Marine  
  101  8:16  Terran Infantry Armor Level 1  
  101  8:17  SCV x2  
  101  8:18  Marauder, Terran Infantry Weapons Level 2  
  106  8:20  Orbital Command  
  106  8:22  Marauder  
  108  8:29  SCV x2  
  110  8:37  Viking x2  
  110  8:41  SCV  
  115  8:44  SCV  
  115  8:46  SCV, Starport  
  117  8:48  Marine  
  117  8:49  Refinery, Marauder x2  
  117  8:50  Marauder, Marine  
  117  8:53  SCV  
  126  8:56  SCV  
  126  8:58  SCV  
  126  9:02  Marine  
  126  9:03  Marine  
  128  9:10  Marauder  
  128  9:15  Marauder x2, Marine x2  
  134  9:18  Viking x2  
  134  9:20  Marine x2  
  134  9:22  Viking  
  111  9:32  Marauder, Marine  
  111  9:33  Marine  
  111  9:37  Marauder x2  
  111  9:38  Marine x2  
  90  9:50  Marine x2  
  80  9:53  Marauder  
  80  9:56  Marine x2  
  80  9:57  Marine x2  
  79  10:02  SCV x2  
  79  10:08  Marine x2  
  79  10:14  SCV x2, Marauder, Marine  
  79  10:17  Marauder  
  79  10:21  SCV  
  87  10:23  Marine  
  87  10:24  Marine  
  87  10:26  SCV  
  87  10:28  Marine  
  91  10:31  SCV  
  91  10:33  Liberator  
  91  10:35  SCV  
  96  10:38  SCV  
  96  10:41  Marine x2  
  99  10:43  SCV  
  99  10:44  Medivac  
  99  10:47  SCV  
  107  10:51  SCV  
  107  10:53  Marine  
  107  10:56  SCV  
  106  10:59  SCV, Liberator  
  106  11:03  SCV  
  111  11:04  Marine  
  111  11:05  Marine  
  111  11:08  SCV  
  111  11:11  SCV  
  115  11:14  Supply Depot, Marauder x3  
  115  11:15  SCV  
  122  11:19  Liberator  
  122  11:20  SCV  
  122  11:23  SCV  
  127  11:27  SCV  
  127  11:28  Marine x3  
  127  11:29  Refinery  
  127  11:32  SCV  
  132  11:33  Liberator  
  132  11:35  SCV  
  132  11:39  SCV  
  103  11:54  Marine  
  103  11:55  Marauder x3, Marine x2  
  103  11:57  Marine  
  103  11:58  SCV  
  103  12:01  SCV x2  
  109  12:09  Ghost Academy  
  109  12:12  Marine  
  109  12:13  Command Center  
  110  12:16  Marauder  
  110  12:17  Marauder  
  118  12:28  Marine x3  
  118  12:29  SCV, Marauder  
  123  12:32  Marine  
Tags
 
Add a new tag
Caveats
  • Supply blocks, unpowered buildings, or Contaminate may cause inaccurate times.
  • Supply counts are checked every 10 seconds.